 Dungeon Crawl Stone Soup version 0.29.1-15-g9cfb28693d (webtiles) character file.

Game seed: 3432325127879390809

11 Jase the Caller (level 2, 19/19 HPs)
             Began as a Merfolk Summoner on Apr 23, 2023.
             Was a Follower of Yredelemnul.
             Quit the game on level 1 of the Dungeon.
             The game lasted 00:02:27 (600 turns).

Jase the Caller (Merfolk Summoner)                   Turns: 600, Time: 00:02:27

Health: 19/19      AC:  2    Str:  8    XL:     2   Next: 25%
Magic:  5/5        EV: 13    Int: 14    God:    Yredelemnul [*.....]
Gold:   14         SH:  0    Dex: 14    Spells: 4/5 levels left

rFire   . . .      SeeInvis .   a - +0 dagger
rCold   . . .      Faith    .   (no shield)
rNeg    . . .      Spirit   .   c - +0 robe
rPois   .          Reflect  .   (no helmet)
rElec   .          Harm     .   (no cloak)
rCorr   .          Rampage  .   (no gloves)
Will    .....                   (no boots)
Stlth   ++........              (no amulet)
HPRegen 0.06/turn               (no ring)
MPRegen 0.09/turn               (no ring)

@: no status effects
A: (nimble swimmer 2), mertail
a: Renounce Religion, Recall Undead Harvest


You were on level 1 of the Dungeon.
You worshipped Yredelemnul.
Yredelemnul was noncommittal.
You visited 1 branch of the dungeon, and saw 1 of its levels.

You collected 14 gold pieces.

Inventory:

Hand Weapons
 a - a +0 dagger (weapon)
Armour
 c - a +0 robe (worn)
Potions
 b - a potion of magic


   Skills:
 + Level 3.0 Dodging
 - Level 2.1 Stealth
 + Level 2.1 Spellcasting
 * Level 4.2 Summonings


You had 4 spell levels left.
You knew the following spells:

 Your Spells              Type           Power      Damage    Failure   Level
a - Summon Small Mammal   Summ           52%        N/A       4%          1

Your spell library contained the following spells:

 Spells                   Type           Power      Damage    Failure   Level
 Call Imp                 Summ           13%        N/A       6%          2
 Call Canine Familiar     Summ           13%        N/A       12%         3
 Summon Guardian Golem    Hex/Summ       7%         N/A       28%         3
 Summon Lightning Spire   Summ/Air       7%         N/A       67%         4


Dungeon Overview and Level Annotations

Branches:
Dungeon (1/15)

Altars:
Yredelemnul


Innate Abilities, Weirdness & Mutations

((You are very nimble when in or above water. (Stealth+, EV+, Speed+++)))
Your lower body shifts to a powerful aquatic tail in water.


Message History

Your bat hits the hobgoblin but does no damage.
Your bat hits the hobgoblin. The hobgoblin misses your bat.
You hit the hobgoblin.
You kill the hobgoblin!
You start resting.
Your bat disappears in a puff of smoke! x2
Magic restored.
You start resting.
A bat is nearby!
Casting: Summon Small Mammal (safe; 4% risk of failure)
Confirm with . or Enter, or press ? or * to list all spells.
Casting: Summon Small Mammal (safe; 4% risk of failure)
Confirm with . or Enter, or press ? or * to list all spells.
The bat barely misses you. The bat hits you but does no damage.
The bat hits you but does no damage.
Your rat completely misses the bat.
You hit the bat.
The bat is heavily wounded.
The bat barely misses you.
The bat hits your quokka but does no damage.
Your quokka barely misses the bat.
Your quokka misses the bat. The bat misses you.
Your quokka bites the bat but does no damage.
You hit the bat.
You kill the bat!
You start resting.
Magic restored.
You start resting.
HP restored.
Your rat disappears in a puff of smoke!
There is a stone staircase leading down here.
Your quokka disappears in a puff of smoke!
There is a faded altar of an unknown god here.
Unknown command.
Press < or > to pray at altars.
You cannot tell which god this altar belongs to.
Convert to them anyway?
Yredelemnul accepts your prayer! Yredelemnul welcomes you!
You can now reap souls.
You can now recall your undead harvest.
Unknown command.
Press < or > to pray at altars.
Are you sure you want to abandon this character and quit the game? (Confirm with "yes".)

.# ############ #..
.........##.#########.#
#........###...P#.P.P###
........#......P#.P...P.
.#.)...##...P.ZZ#..P....
.#§†.>#.......Z.#P......
..§...#...P...Z.@..P....
#.....#P..PP.P..#..P...P
..#.#..##.P.....#.PPP.P.
....#...#..PP.P.#...PP..
.........###PP..#....###
........÷)..#########.#
.................# ##
......#+########.###
...... #...#


You could see a friendly ball python zombie, a friendly adder zombie, a friendly
quokka zombie and a friendly jackal zombie.

Vanquished Creatures
  2 bats (D:1)
  A hobgoblin (D:1)
  A kobold (D:1)
4 creatures vanquished.

Vanquished Creatures (collateral kills)
  A goblin (D:1)
  A hobgoblin (D:1)
  A kobold (D:1)
  A frilled lizard (D:1)
  A rat (D:1)
5 creatures vanquished.

Vanquished Creatures (others)
  A demonic plant (D:1)
1 creature vanquished.

Grand Total: 10 creatures vanquished

Notes
Turn   | Place    | Note
-------+----------+-------------------------------------------
     0 | D:1      | Jase the Merfolk Summoner began the quest for the Orb.
     0 | D:1      | Reached XP level 1. HP: 13/13 MP: 3/3
   129 | D:1      | Found a faded altar of an unknown god.
   372 | D:1      | Reached XP level 2. HP: 19/19 MP: 1/5
   599 | D:1      | Prayed at the altar of an unknown god.
   599 | D:1      | Became a worshipper of Yredelemnul the Dark
   599 | D:1      | Reached * piety under Yredelemnul
   600 | D:1      | Quit the game

Illustrated notes

Levels and vault maps discovered:
D:1:      saegor_arrival_fortress, layout_basic, shapermc_ecumenical_altar_gd

Skill      XL: |  1  2 |
---------------+-------+-----
Dodging        | 3 |  3.0
Stealth        | |  2.1
Spellcasting   | |  2.1
Summonings     | |  4.2

Action                   || total
-------------------------++-------
Melee: Unarmed           ||    12
       Dagger            ||    15
       Punch             ||     1
 Cast: Summon Small Mamm ||    13
Armor: Robe              ||     3
Dodge: Dodged            ||    17
